 Dungeon Crawl Stone Soup version 0.32-a0-411-g744942f433 (webtiles) character file.

Game seed: 11227956498401599586

147908 mdonais the Warrior (level 17, -1/144 HPs)
             Began as a Coglin Hunter on Feb 21, 2024.
             Was the Champion of Okawaru.
             Slain by a spark wasp (15 damage)
             ... on level 2 of the Spider Nest.
             The game lasted 02:02:51 (30700 turns).

mdonais the Warrior (Coglin Hunter)                Turns: 30700, Time: 02:02:52

Health: -1/144     AC: 23    Str: 22      XL:     17   Next: 47%
Magic:  4/19       EV: 15    Int:  6 (7)  God:    Okawaru [******]
Gold:   783        SH:  5    Dex: 26 (27) Spells: 16/16 levels left

rFire   + . .        e - +9 hand cannon (drain) {Decima}
rCold   + . .        w - +5 sling (freeze) {Umi}
rNeg    + . .        i - +0 pearl dragon scales
rPois   .            M - +1 hat {Stlth+}
rElec   .            m - scarf of Sorcery {rC+ rF+, Dex+2}
rCorr   .            W - +0 pair of gloves
SInv    +            l - +0 pair of boots
Will    +....        Y - amulet of reflection
Stlth   ++           r - +6 ring of strength
HPRegen 0.44/turn    s - ring of see invisible
MPRegen 0.16/turn

%: reflection
@: revved
A: off-hand wielding, slow wielding, warmup strikes, legs shutdown, iridescent
scales 1, agile 1
a: Renounce Religion, Heroism, Finesse, Duel


You were on level 2 of the Spider Nest.
You worshipped Okawaru.
Okawaru was exalted by your worship.
You visited 6 branches of the dungeon, and saw 28 of its levels.
You visited 1 bazaar.
You also visited: Ossuary and Ice Cave.

You collected 2715 gold pieces.
You spent 1932 gold pieces at shops.

Inventory:

Hand Weapons
 e - a +9 hand cannon of draining (weapon) {Decima}
   (Okawaru gifted it to you on level 1 of the Lair of Beasts)
 t - a +1 demon whip of venom
   (You took it off Amaemon on level 9 of the Dungeon)
 w - a +5 sling of freezing (offhand) {Umi}
   (You bought it in a shop on level 2 of the Dungeon)
 O - a +2 morningstar of protection
   (You found it on level 3 of the Lair of Beasts)
Missiles
 x - 16 silver javelins
 F - 2 curare-tipped darts
 G - 3 datura-tipped darts
 Z - 2 throwing nets {=!f}
Armour
 i - +0 pearl dragon scales (worn)
   (You found it on level 3 of the Shoals)
 l - a +0 pair of boots (worn)
   (You found it on level 4 of the Lair of Beasts)
 m - the scarf of Sorcery (worn) {rC+ rF+, Dex+2}
   (You bought it in a shop in a bazaar)

   Dex+2:     It affects your dexterity (+2).
 C - the +16 crystal plate armour of the Rhinotaur {Harm Slay+3}
   (Okawaru gifted it to you on level 1 of the Lair of Beasts)

   Slay+3:    It affects your accuracy & damage with ranged weapons and melee
   (+3).
   Harm:      It increases damage dealt and taken.
 M - a +1 hat of stealth (worn)
   (You took it off Gastronok on level 8 of the Dungeon)
 W - a +0 pair of gloves (worn)
   (You found it on level 11 of the Dungeon)
Jewellery
 c - a ring of protection from cold
   (You found it in an ice cave)
 r - a +6 ring of strength (left grasper)
   (You found it on level 8 of the Dungeon)
 s - a ring of see invisible (right grasper)
   (You bought it in a shop on level 2 of the Orcish Mines)
 A - a ring of flight
   (You found it on level 5 of the Dungeon)
 Y - an amulet of reflection (around neck)
   (You found it on level 3 of the Lair of Beasts)
Wands
 g - a wand of roots (23)
   (You found it on level 2 of the Lair of Beasts)
 p - a wand of quicksilver (20)
   (You found it on level 8 of the Dungeon)
 D - a wand of digging (14)
   (You found it on level 1 of the Lair of Beasts)
 V - a wand of flame (42)
   (You found it on level 10 of the Dungeon)
Scrolls
 f - 5 scrolls of immolation
 k - 2 scrolls of silence
 n - 3 scrolls of fear
 o - 2 scrolls of vulnerability
 y - a scroll of enchant weapon
 z - 3 scrolls of fog
 B - 6 scrolls of blinking
 E - 2 scrolls of revelation
 L - 3 scrolls of poison
 R - 5 scrolls of identify
 S - 5 scrolls of brand weapon
 T - 11 scrolls of teleportation
 X - 3 scrolls of enchant armour
Potions
 a - 4 potions of ambrosia
 b - 4 potions of enlightenment
 d - 6 potions of heal wounds
 h - 5 potions of mutation
 j - 5 potions of attraction
 q - 4 potions of resistance
 u - 4 potions of lignification
 v - a potion of invisibility
 H - 5 potions of haste
 I - 2 potions of cancellation
 K - 2 potions of brilliance
 N - 5 potions of might
 Q - 10 potions of curing
Miscellaneous
 P - a lightning rod (4/4)
   (You found it on level 5 of the Lair of Beasts)
 U - a phial of floods
   (You found it on level 2 of the Shoals)


   Skills:
 - Level 16.0 Fighting
 - Level 8.7 Maces & Flails
 + Level 15.3 Ranged Weapons
 - Level 15.9 Armour
 - Level 6.0 Dodging
 - Level 3.0 Stealth
 - Level 3.0 Invocations
 - Level 6.0 Evocations


You had 16 spell levels left.
You didn't know any spells.
Your spell library contained the following spells:

 Spells                   Type           Power      Damage    Failure   Level
 Apportation              Tloc           0%         N/A       73%         1
 Foxfire                  Conj/Fire      0%         2x1d4     73%         1
 Magic Dart               Conj           0%         1d3       73%         1
 Necrotise                Necr           0%         1d4       73%         1
 Sting                    Conj/Alch      0%         1d3       73%         1
 Jinxbite                 Hex            0%         N/A       86%         2
 Searing Ray              Conj           0%         2d4       86%         2
 Dazzling Flash           Conj/Hex       0%         N/A       97%         3
 Mephitic Cloud           Conj/Alch/Air  0%         N/A       97%         3
 Sigil of Binding         Hex            0%         N/A       97%         3
 Stone Arrow              Conj/Erth      0%         3d7       97%         3
 Volatile Blastmotes      Fire/Tloc      0%         2d10      97%         3
 Dimensional Bullseye     Hex/Tloc       0%         N/A       100%        4
 Fulminant Prism          Conj/Alch      0%         3d5       100%        4
 Iskenderun's Mystic Bla  Conj/Tloc      0%         2d3       100%        4
 Olgreb's Toxic Radiance  Alch           0%         N/A       100%        4
 Passage of Golubria      Tloc           0%         N/A       100%        4
 Alistair's Intoxication  Alch           0%         N/A       100%        5
 Curse of Agony           Necr           0%         N/A       100%        5
 Iskenderun's Battlesphe  Conj           0%         2d6       100%        5
 Silence                  Hex/Air        0%         N/A       100%        5
 Yara's Violent Unravell  Hex/Alch       0%         3d3       100%        5
 Bombard                  Conj/Erth      0%         9d1       100%        6
 Eringya's Noxious Bog    Alch           0%         4d6       100%        6
 Plasma Beam              Fire/Air       0%         2x1d10    100%        6
 Starburst                Conj/Fire      0%         6d3       100%        6
 Ozocubu's Refrigeration  Ice            0%         4d7       100%        7
 Discord                  Hex            0%         N/A       100%        8
 Lehudib's Crystal Spear  Conj/Erth      0%         10d2      100%        8
 Summon Small Mammal      Summ           Unusable   N/A       N/A         1
 Call Canine Familiar     Summ           Unusable   N/A       N/A         3
 Tukima's Dance           Hex            Unusable   N/A       N/A         3
 Animate Armour           Summ/Erth      Unusable   N/A       N/A         4
 Summon Forest            Summ/Tloc      Unusable   N/A       N/A         5
 Spellforged Servitor     Conj/Summ      Unusable   N/A       N/A         7
 Summon Hydra             Summ           Unusable   N/A       N/A         7

Dungeon Overview and Level Annotations

Branches:
Dungeon (15/15) Zot: 25740  Temple (1/1) D:4 Zot: 5982    Lair (5/5) D:10 Zot: 22632
 Shoals (3/4) Lair:2 Zot: 14757  Spider (2/4) Lair:2 Zot: 10778   Slime (0/5) Lair:5
    Orc (2/2) D:9 Zot: 9156     Elf (0/3) Orc:2        Vaults (0/5) D:14
 Depths (0/4) D:15        Ossuary (visited)           IceCv (visited)

Altars:
Ashenzari
Cheibriados
Dithmenos
Elyvilon
Fedhas
Gozag
Hepliaklqana
Kikubaaqudgha
Makhleb
Nemelex Xobeh
Okawaru
Qazlal
Ru
Sif Muna
Trog
Uskayaw
Vehumet
Wu Jian
Xom
Yredelemnul
Zin
The Shining One
Beogh
Jiyva
Lugonu

Shops:
D:2 *   D:10 *   D:13 !!   Orc:1 ?   Orc:2 [(!=

Portals:
Abyss: Lair:5

Annotations:
D:8 3 runed translucent doors, Azoth's ghost, novice CoHu
Shoals:1 1 runed translucent door, Detyups's ghost, adept VSFi


Innate Abilities, Weirdness & Mutations

You can wield a second weapon in your off-hand.
It takes a long time for you to wield or remove held weapons.
Your first few attacks do less damage.
Attacking and casting redirects power from your legs.
You are partially covered in iridescent scales. (AC +2)
You are agile. (Dex +4, Str/Int -1)


Message History

Press: ? - help, Q - select action, (/) - cycle Shift-Dir - straight line, f/p - ghost moth
Aim: a ghost moth (almost dead, slightly transparent, lightly drained, 80% to hit)
You shoot a bolt. The bolt hits the ghost moth!!
You kill the ghost moth!
Okawaru accepts your kill. Okawaru grants you throwing weapons!
Something appears at your feet!
You shoot a sling bullet. The boulder beetle barely misses you.
The boulder beetle stops rolling and uncurls.
Fire: e) +9 hand cannon (drain) {Decima}
Press: ? - help, Q - select action, (/) - cycle Shift-Dir - straight line, f - boulder beetle
Aim: a boulder beetle (magical condensation, 94% to hit)
You shoot a sling bullet.
The sling bullet hits the boulder beetle but does no damage.
You shoot a bolt. The bolt hits the boulder beetle!
You drain the boulder beetle.
The boulder beetle is moderately wounded.
The boulder beetle leaps!
You start resting.
A boulder beetle is nearby!
You regained 2 hp, and now have 100/144 hp.
You shoot a bolt.
The bolt hits the boulder beetle but does no damage.
You drain the boulder beetle.
The boulder beetle is lightly wounded.
You shoot a sling bullet.
The sling bullet hits the boulder beetle but does no damage.
The boulder beetle is lightly wounded.
You hear a hideous shriek!
You hear an angry buzzing noise.
You hear a faint skittering sound.
You shoot a sling bullet.
The sling bullet hits the boulder beetle!
The sling bullet freezes the boulder beetle.
The boulder beetle is moderately wounded.
You shoot a bolt.
The bolt hits the boulder beetle but does no damage.
The boulder beetle is moderately wounded.
The boulder beetle closely misses you.
You shoot a sling bullet.
The sling bullet hits the boulder beetle but does no damage.
The boulder beetle is moderately wounded.
You shoot a bolt.
The bolt hits the boulder beetle but does no damage.
You drain the boulder beetle.
The boulder beetle is moderately wounded.
The boulder beetle leaps!
You shoot a bolt.
The bolt barely misses the boulder beetle.
You shoot a sling bullet.
The sling bullet hits the boulder beetle!
The sling bullet freezes the boulder beetle.
The boulder beetle is heavily wounded.
The boulder beetle curls into a ball and begins rolling!
You shoot a sling bullet.
The sling bullet hits the boulder beetle!
The sling bullet freezes the boulder beetle.
The boulder beetle is severely wounded.
You shoot a bolt. The bolt hits the boulder beetle!!
You kill the boulder beetle!
Okawaru accepts your kill.
A demonic crawler comes into view.
You shoot a bolt. The bolt hits the demonic crawler!!
The demonic crawler is moderately wounded.
You shoot a sling bullet.
The sling bullet hits the demonic crawler but does no damage.
The demonic crawler is moderately wounded.
You hear an angry buzzing noise.
You shoot a sling bullet.
The sling bullet completely misses the demonic crawler.
You shoot a bolt. The bolt hits the demonic crawler!!
The demonic crawler is heavily wounded.
The demonic crawler hits you but does no damage. x2
You block the demonic crawler's attack.
You shoot a bolt.
The bolt hits the demonic crawler but does no damage.
The demonic crawler is heavily wounded.
You shoot a sling bullet.
The sling bullet hits the demonic crawler!
The sling bullet freezes the demonic crawler.
The demonic crawler is severely wounded.
The demonic crawler hits you but does no damage. x2
You block the demonic crawler's attack. The demonic crawler hits you. x2
The demonic crawler hits you but does no damage.
You take 10 damage, and have 93/144 hp.
You shoot a sling bullet.
The sling bullet hits the demonic crawler.
The sling bullet freezes the demonic crawler.
The demonic crawler is severely wounded.
You shoot a bolt. The bolt hits the demonic crawler!!
The demonic crawler is almost dead.
A spark wasp comes into view.
The demonic crawler hits you! The demonic crawler closely misses you.
The demonic crawler misses you.
You take 11 damage, and have 82/144 hp.
You shoot a bolt. The spark wasp buzzes angrily.
The bolt hits the demonic crawler!
You kill the demonic crawler!
Okawaru accepts your kill.
You shoot a sling bullet.
A tarantella comes into view.
You shoot a bolt. The bolt hits the tarantella!!
You kill the tarantella!
Okawaru accepts your kill.
You shoot a sling bullet.
You feel your intelligence returning.
You shoot a bolt. The bolt hits the spark wasp.
The spark wasp is lightly wounded.
You shoot a sling bullet.
The sling bullet hits the spark wasp but does no damage.
The spark wasp is lightly wounded.
The spark wasp stings you! The spark wasp shocks you!
You take 29 damage, and have 54/144 hp.
MASSIVE DAMAGE!!
You are too injured to fight recklessly!
You are too injured to fight recklessly!
You are too injured to fight recklessly!
Fire: e) +9 hand cannon (drain) {Decima}
Press: ? - help, Q - select action, (/) - cycle Shift-Dir - straight line, f/p - spark wasp
Aim: a spark wasp (lightly wounded, 73% to hit)
You shoot a sling bullet.
The sling bullet closely misses the spark wasp.
You shoot a bolt. The bolt barely misses the spark wasp.
The spark wasp stings you!
* * * LOW HITPOINT WARNING * * *
The spark wasp shocks you!
* * * LOW HITPOINT WARNING * * *
You block the spark wasp's attack.
You take 28 damage, and have 26/144 hp.
Fire: e) +9 hand cannon (drain) {Decima}
Press: ? - help, Q - select action, (/) - cycle Shift-Dir - straight line, f/p - spark wasp
Aim: a spark wasp (lightly wounded, 73% to hit)
You shoot a sling bullet. The sling bullet hits the spark wasp!
The sling bullet freezes the spark wasp.
The spark wasp is moderately wounded.
You shoot a bolt.
The bolt completely misses the spark wasp.
The spark wasp stings you but does no damage.
Fire: e) +9 hand cannon (drain) {Decima}
Press: ? - help, Q - select action, (/) - cycle Shift-Dir - straight line, f/p - spark wasp
Aim: a spark wasp (moderately wounded, 73% to hit)
You shoot a sling bullet.
The sling bullet hits the spark wasp but does no damage.
The spark wasp is moderately wounded.
You shoot a bolt. The bolt hits the spark wasp!
You drain the spark wasp.
The spark wasp is severely wounded.
The spark wasp barely misses you. The spark wasp stings you!
* * * LOW HITPOINT WARNING * * *
The spark wasp shocks you!
You die...

#...#.........
....#..#.#.#...
#...#..#...#.... ##
....#...#..#.... .. .
.^#.....#...#... . .#
..##.>.......... .##.#
..#..........#####....
..#..##.#......☼†y.#
.#####.†...#....@°##...
###....#...#...§°°......
##....#...##...#.....###
####..#..^#..#.#.......#
.....#.##......#..#.....
.#...#.^....#..#..#....#
###..##.....#.^#... ....
#........#.#...####...#
######......#......


You could see a spark wasp (drained).

Vanquished Creatures
  Jorgrun (D:13)
  A titan (Shoals:1)
  Gastronok (D:8)
  Ilsuiw (Shoals:2)
  2 emperor scorpions
  A ghost moth (Spider:2)
  A stone giant (Shoals:1)
  Snorg (Lair:3)
  Azrael (Orc:2)
  A spark wasp (Spider:1)
  Josephine (D:11)
  3 merfolk impalers
  3 merfolk javelineers (Shoals:2)
  An entropy weaver (Spider:1)
  4 vault guards (D:14)
  3 hydras
  3 catoblepae
  Erolcha (D:10)
  4 centaur warriors
  A jorogumo (Spider:2)
  6 ogre magi
  A sphinx skeleton (D:15)
  An alligator snapping turtle (Shoals:2)
  10 two-headed ogres
  6 boulder beetles
  4 thrashing horrors (Lair:5)
  Urug (D:13)
  A tengu warrior (D:12)
  An occultist (D:12)
  2 demonic crawlers
  Amaemon (D:9)
  Sonja (D:12)
  6 skysharks
  2 skeletal warriors
  A storm dragon skeleton (D:15)
  2 pharaoh ants
  Lodul (D:13)
  An orb spider (Spider:1)
  5 sea snakes
  An arcanist (D:10)
  A flayed ghost (D:15)
  A steelbarb worm (Spider:1)
  6 harpies (Shoals:2)
  7 wolf spiders
  11 orc sorcerers
  2 orc knights
  A necromancer (D:15)
  15 manticores
  8 cyclopes
  13 ugly things
  A centaur zombie (D:10)
  3 meliai (D:14)
  Maurice (D:8)
  4 fauns (Shoals:1)
  A water nymph (Shoals:3)
  4 merfolk sirens
  2 ice statues (IceCv)
  A black mamba (Lair:2)
  2 kobold blastminers (Orc:1)
  2 smoke demons (Lair:5)
  Joseph (D:8)
  A large abomination (Lair:5)
  An orange demon (D:9)
  Maggie (D:8)
  6 gargoyles
  An unseen horror (shapeshifter) (D:15)
  13 cane toads
  Jeremiah (D:6)
  2 kobold demonologists (D:12)
  An efreet (D:14)
  2 yaktaurs (D:14)
  7 rime drakes
  8 komodo dragons
  A freezing wraith (IceCv)
  14 merfolk
  4 trolls
  A queen bee (Lair:1)
  Prince Ribbit (D:6)
  Grinder (D:4)
  7 tarantellas
  A polar bear (Lair:3)
  A blink frog (shapeshifter) (D:12)
  33 blink frogs
  2 raiju (Lair:5)
  A spriggan zombie (D:15)
  A meliai zombie (D:10)
  A wind drake (Lair:2)
  6 jumping spiders
  3 snapping turtles
  A shadow (D:12)
  2 slime creatures (D:12)
  42 yaks
  8 wraiths
  6 culicivoras
  A spriggan (shapeshifter) (D:14)
  5 water elementals
  4 ynoxinuls (Lair:5)
  5 basilisks
  6 wyverns
  9 wargs
  3 steam dragons
  2 fire elementals
  24 redbacks
  12 vampire mosquitoes
  Edmund (D:5)
  A chaos spawn (Lair:5)
  3 acid dragons
  5 hell hounds
  8 water moccasins
  4 ice beasts
  18 orc warriors
  4 black bears
  9 centaurs
  16 ogres
  26 wolves
  2 kobold brigands
  A gnoll sergeant (D:10)
  11 bullfrogs
  Blork the orc (D:5)
  A cane toad simulacrum (IceCv)
  A scorpion (D:6)
  9 small abominations (Lair:5)
  5 wights
  A burial acolyte (Ossuary)
  31 killer bees
  A howler monkey (D:11)
  2 electric eels
  2 hounds
  3 jellies
  10 orc priests
  A bombardier beetle (D:5)
  2 iguanas
  A sleepcap (D:5)
  Natasha (D:4)
  34 orc wizards
  5 hell rats (Lair:1)
  A polar bear simulacrum (IceCv)
  A wolf simulacrum (IceCv)
  A mummy (Ossuary)
  5 gnolls (D:10)
  13 adders
  A shadow imp (D:7)
  A white imp (D:5)
  4 ufetubi (D:6)
  3 dart slugs
  101 orcs
  12 endoplasms
  2 giant cockroaches
  18 goblins
  6 hobgoblins
  8 jackals
  19 kobolds
  3 quokkas
  3 ball pythons
  7 bats
  A frilled lizard (D:3)
  5 gnoll skeletons (Ossuary)
  7 kobold skeletons (Ossuary)
  8 orc skeletons (Ossuary)
  9 rats
887 creatures vanquished.

Vanquished Creatures (others)
  A torpor snail (Spider:1)
1 creature vanquished.

Grand Total: 888 creatures vanquished

Notes
Turn   | Place    | Note
-------+----------+-------------------------------------------
     0 | D:1      | mdonais the Coglin Hunter began the quest for the Orb.
     0 | D:1      | Reached XP level 1. HP: 16/16 MP: 1/1
    19 | D:1      | Reached skill level 1 in Stealth
    86 | D:1      | Reached XP level 2. HP: 22/22 MP: 2/2
   136 | D:1      | Reached XP level 3. HP: 19/28 MP: 3/3
   683 | D:2      | Reached XP level 4. HP: 34/34 MP: 4/4
  1203 | D:2      | Found Manwamid's Assorted Antiques.
  1285 | D:2      | Reached skill level 3 in Fighting
  1285 | D:2      | Reached XP level 5. HP: 40/41 MP: 5/5
  1590 | D:3      | Found a sparkling altar of Nemelex Xobeh.
  1727 | D:3      | You fall into a shaft and drop 3 floors!
  1780 | D:5      | Entered Level 5 of the Dungeon
  1888 | D:4      | Reached XP level 6. HP: 46/48 MP: 6/6
  1973 | D:4      | Reached skill level 4 in Fighting
  1981 | D:4      | Found a staircase to the Ecumenical Temple.
  1990 | Temple   | Entered the Ecumenical Temple
  1998 | Temple   | Became a worshipper of Warmaster Okawaru
  2098 | D:4      | Reached skill level 5 in Ranged Weapons
  2129 | D:4      | Found a sand-covered staircase.
  2139 | Ossuary  | Entered an ossuary
  2471 | Ossuary  | Reached XP level 7. HP: 43/55 MP: 7/7
  2565 | Ossuary  | Reached * piety under Okawaru
  2566 | Ossuary  | Reached skill level 5 in Fighting
  3418 | D:2      | Bought a glowing sling for 90 gold pieces
  3418 | D:2      | Bought a bubbling blue potion for 18 gold pieces
  3418 | D:2      | Bought a bubbling blue potion for 18 gold pieces
  3511 | D:4      | Noticed Natasha
  3516 | D:4      | Killed Natasha
  3641 | D:4      | Noticed Grinder
  3662 | D:4      | Killed Grinder
  3663 | D:4      | Reached skill level 6 in Fighting
  3663 | D:4      | Reached skill level 1 in Invocations
  3797 | D:4      | Found a hazy altar of Hepliaklqana.
  3923 | D:4      | Reached XP level 8. HP: 64/64 MP: 9/9
  4654 | D:5      | Found an opulent altar of Gozag.
  4953 | D:5      | Noticed Edmund
  4978 | D:5      | Killed Edmund
  5178 | D:6      | Noticed Prince Ribbit
  5186 | D:6      | Killed Prince Ribbit
  5186 | D:6      | Reached ** piety under Okawaru
  5260 | D:6      | Reached skill level 7 in Fighting
  5362 | D:6      | Reached XP level 9. HP: 72/72 MP: 11/11
  5580 | D:5      | Noticed Blork the orc
  5590 | D:5      | Killed Blork the orc
  6160 | D:6      | Noticed Jeremiah
  6169 | D:6      | Killed Jeremiah
  6170 | D:6      | Reached skill level 8 in Fighting
  6366 | D:6      | Found a shadowy altar of Dithmenos.
  6586 | D:7      | Reached *** piety under Okawaru
  7012 | D:7      | Reached skill level 5 in Dodging
  7252 | D:7      | Found a shimmering blue altar of Sif Muna.
  7318 | D:8      | Found a hide-covered altar of Uskayaw.
  7319 | D:8      | Found a glowing silver altar of Zin.
  7368 | D:8      | Reached skill level 1 in Evocations
  7510 | D:8      | Noticed Maggie
  7523 | D:8      | Killed Maggie
  7523 | D:8      | Reached **** piety under Okawaru
  7524 | D:8      | Reached XP level 10. HP: 82/82 MP: 10/12
  7609 | D:8      | Reached skill level 1 in Armour
  7678 | D:8      | Noticed Maurice
  7688 | D:8      | Gained mutation: Your health recovers twice as slowly from
                  | being drained. [potion of mutation]
  7688 | D:8      | Gained mutation: Your body sometimes deteriorates upon
                  | taking damage. [potion of mutation]
  7688 | D:8      | Gained mutation: You expend magic power (3 MP) to
                  | strengthen your wands. [potion of mutation]
  7693 | D:8      | Killed Maurice
  7810 | D:8      | Noticed Joseph
  7817 | D:8      | Killed Joseph
  7929 | D:8      | Found a runed translucent gate.
  7930 | D:8      | Found a runed translucent gate.
  7932 | D:8      | Found a runed translucent gate.
  7934 | D:8      | Noticed Azoth's ghost (novice CoHu)
  8028 | D:8      | Reached skill level 9 in Fighting
  8488 | D:8      | Noticed Gastronok
  8502 | D:8      | Killed Gastronok
  8502 | D:8      | Reached ***** piety under Okawaru
  8672 | D:9      | Reached skill level 10 in Fighting
  8781 | D:9      | Reached XP level 11. HP: 86/90 MP: 13/13
  8858 | D:9      | Found a blossoming altar of Fedhas.
  9123 | D:9      | Reached skill level 10 in Ranged Weapons
  9135 | D:9      | Reached skill level 5 in Evocations
  9360 | D:9      | Found a staircase to the Orcish Mines.
  9462 | D:9      | Noticed Amaemon
  9474 | D:9      | Killed Amaemon
  9474 | D:9      | Received a gift from Okawaru
  9813 | D:10     | Entered Level 10 of the Dungeon
  9857 | D:10     | Reached skill level 5 in Armour
  9978 | D:10     | Found Xeerr's Assorted Antiques.
  9986 | D:10     | Bought a glowing sling for 121 gold pieces
  9986 | D:10     | Bought a clear potion for 24 gold pieces
 10075 | D:10     | Noticed Erolcha
 10200 | D:10     | Found a basalt altar of Yredelemnul.
 10244 | D:10     | Noticed an arcanist
 10249 | D:10     | Killed an arcanist
 10353 | D:10     | Found a staircase to the Lair.
 10418 | D:10     | Killed Erolcha
 10732 | Lair:1   | Entered Level 1 of the Lair of Beasts
 10771 | Lair:1   | Noticed a boulder beetle
 10787 | Lair:1   | Killed a boulder beetle
 10807 | Lair:1   | Reached XP level 12. HP: 84/99 MP: 14/14
 10946 | Lair:1   | Reached skill level 11 in Fighting
 10950 | Lair:1   | Reached ****** piety under Okawaru
 10956 | Lair:1   | HP: 4/92 [blink frog (8)]
 11182 | Lair:1   | Acquired a +2 hand cannon of draining
 11182 | Lair:1   | Received a gift from Okawaru
 11311 | Lair:1   | Received a gift from Okawaru
 12151 | Lair:2   | Identified the +1 leather armour "Nengohiru" {^Drain rPois
                  | rC++ Stlth+}
 12203 | Lair:2   | Reached skill level 12 in Fighting
 12287 | Lair:2   | Acquired the +16 crystal plate armour of the Rhinotaur
                  | {Harm Slay+3}
 12287 | Lair:2   | Received a gift from Okawaru
 12299 | Lair:2   | Found a frozen archway.
 12344 | IceCv    | Entered an ice cave
 12362 | IceCv    | Found a transporter.
 12379 | IceCv    | Found a transporter.
 12386 | IceCv    | Received a gift from Okawaru
 12504 | Lair:2   | Found a staircase to the Shoals.
 12573 | Lair:2   | Reached XP level 13. HP: 74/90 MP: 15/15
 12750 | Lair:2   | Found a hole to the Spider Nest.
 13534 | Lair:3   | Reached skill level 10 in Armour
 13541 | Lair:3   | Received a gift from Okawaru
 14245 | Lair:3   | Noticed Snorg
 14422 | Lair:3   | Killed Snorg
 14425 | Lair:3   | Received a gift from Okawaru
 14859 | Orc:1    | Entered Level 1 of the Orcish Mines
 15068 | Orc:1    | Found Vibrio's Magic Scroll Shop.
 15389 | Orc:2    | Entered Level 2 of the Orcish Mines
 15991 | Orc:2    | Paralysed by an orc sorcerer for 4 turns
 16014 | Orc:2    | Noticed Azrael
 16506 | Lair:4   | Received a gift from Okawaru
 16588 | Lair:4   | Reached XP level 14. HP: 115/115 MP: 16/16
 17425 | Orc:1    | Bought a scroll of enchant weapon for 112 gold pieces
 17707 | Lair:5   | Entered Level 5 of the Lair of Beasts
 18039 | Lair:5   | Found a viscous altar of Jiyva.
 18040 | Lair:5   | Found a staircase to the Slime Pits.
 18505 | Lair:5   | Lost mutation: Your health recovers twice as slowly from
                  | being drained. [potion of mutation]
 18505 | Lair:5   | Lost mutation: You expend magic power (3 MP) to strengthen
                  | your wands. [potion of mutation]
 18505 | Lair:5   | Gained mutation: Your mind is acute. (Int +4, Str/Dex -1)
                  | [potion of mutation]
 18505 | Lair:5   | Gained mutation: You are somewhat resistant to further
                  | mutation. [potion of mutation]
 18506 | Lair:5   | Lost mutation: Your mind is acute. (Int +4, Str/Dex -1)
                  | [potion of mutation]
 18506 | Lair:5   | Lost mutation: Your body sometimes deteriorates upon taking
                  | damage. [potion of mutation]
 18506 | Lair:5   | Lost mutation: You are somewhat resistant to further
                  | mutation. [potion of mutation]
 18506 | Lair:5   | Gained mutation: You are agile. (Dex +4, Str/Int -1)
                  | [potion of mutation]
 18506 | Lair:5   | Gained mutation: You are partially covered in iridescent
                  | scales. (AC +2) [potion of mutation]
 18529 | Lair:5   | Received a gift from Okawaru
 19219 | Lair:5   | Found a corrupted altar of Lugonu.
 19219 | Lair:5   | Found a one-way gate to the infinite horrors of the Abyss.
 19930 | D:11     | Noticed Josephine
 19937 | D:11     | Killed Josephine
 19937 | D:11     | Received a gift from Okawaru
 20510 | D:12     | Noticed Sonja
 20511 | D:12     | Reached skill level 13 in Fighting
 20512 | D:12     | Killed Sonja
 20591 | D:12     | Reached XP level 15. HP: 123/123 MP: 17/17
 21069 | D:12     | Received a gift from Okawaru
 21257 | D:13     | Noticed Lodul
 21449 | D:13     | Noticed Jorgrun
 21455 | D:13     | Killed Jorgrun
 21456 | D:13     | Reached skill level 14 in Fighting
 21532 | D:13     | Found Exty's Distillery.
 21540 | D:13     | Bought a potion of heal wounds for 80 gold pieces
 21540 | D:13     | Bought a potion of haste for 160 gold pieces
 21770 | Orc:2    | Received a gift from Okawaru
 21780 | Orc:2    | Found Felopyrro's Jewellery Shop.
 21899 | Orc:2    | Found Juppakeim's Distillery.
 21906 | Orc:2    | Killed Azrael
 22014 | Orc:2    | Bought a potion of heal wounds for 70 gold pieces
 22014 | Orc:2    | Bought a potion of heal wounds for 70 gold pieces
 22037 | Orc:2    | Found a roughly hewn altar of Beogh.
 22439 | Orc:2    | Found a staircase to the Elven Halls.
 22501 | Orc:2    | Found Bauc's Weapon Shop.
 22510 | Orc:2    | Found Gocvaf's Armour Boutique.
 22974 | D:13     | Found Velocs's Distillery.
 22982 | D:13     | Bought a potion of heal wounds for 80 gold pieces
 22982 | D:13     | Bought a potion of might for 64 gold pieces
 23027 | D:13     | Killed Lodul
 23027 | D:13     | Received a gift from Okawaru
 23085 | D:13     | Noticed Urug
 23094 | D:13     | Killed Urug
 23387 | D:14     | Reached skill level 15 in Fighting
 23474 | D:14     | Reached skill level 15 in Armour
 24038 | D:14     | Reached XP level 16. HP: 136/136 MP: 18/18
 24183 | D:14     | Paralysed by something for 3 turns
 24212 | D:14     | Found a gate to the Vaults.
 24286 | D:15     | Entered Level 15 of the Dungeon
 24366 | D:15     | Found a flickering gateway to a bazaar.
 24379 | Bazaar   | Entered a bazaar
 24414 | Bazaar   | Found Nyajur's Jewellery Shoppe.
 24430 | Bazaar   | Found Ezujow's Magic Scroll Emporium.
 24446 | Bazaar   | Found Namimynk's Armour Shoppe.
 24446 | Bazaar   | Found Xosoqeoc's Antique Armour Emporium.
 24480 | Bazaar   | Bought a scorched scarf for 180 gold pieces
 24480 | Bazaar   | Identified the scarf of Sorcery {rC+ rF+, Dex+2} (You
                  | bought it in a shop in a bazaar)
 24510 | Bazaar   | Bought a scroll of blinking for 142 gold pieces
 24510 | Bazaar   | Bought a scroll of enchant armour for 142 gold pieces
 24510 | Bazaar   | Bought a scroll of brand weapon for 180 gold pieces
 24510 | Bazaar   | Bought a scroll of teleportation for 57 gold pieces
 24510 | Bazaar   | Bought 2 scrolls of teleportation for 114 gold pieces
 24607 | D:15     | Received a gift from Okawaru
 25062 | D:15     | Reached skill level 16 in Fighting
 25099 | D:15     | Found a staircase to the Depths.
 25575 | Spider:1 | Entered Level 1 of the Spider Nest
 25854 | Shoals:1 | Entered Level 1 of the Shoals
 25868 | Shoals:1 | Found a runed translucent door.
 25869 | Shoals:1 | Noticed Detyups's ghost (adept VSFi)
 25887 | Shoals:1 | Reached skill level 1 in Maces & Flails
 25917 | Shoals:1 | Received a gift from Okawaru
 26245 | Shoals:1 | Noticed a titan
 26330 | Shoals:1 | Killed a titan
 26479 | Shoals:1 | Reached skill level 5 in Maces & Flails
 27014 | Shoals:2 | Noticed Ilsuiw
 27021 | Shoals:2 | Received a gift from Okawaru
 27032 | Shoals:2 | Killed Ilsuiw
 27815 | Shoals:2 | Reached XP level 17. HP: 144/144 MP: 19/19
 29157 | Orc:2    | Bought a ring of see invisible for 210 gold pieces
 29366 | Spider:1 | Received a gift from Okawaru
 29852 | Spider:1 | Identified the +3 trident "Impslayer" {flame, Dex+2 Stlth+}
 30066 | Spider:1 | HP: 2/144 [wolf spider simulacrum (9)]
 30403 | Spider:2 | Reached skill level 15 in Ranged Weapons
 30675 | Spider:2 | Received a gift from Okawaru
 30700 | Spider:2 | Slain by a spark wasp

Illustrated notes

Levels and vault maps discovered:
D:1:      dpeg_arrival_morbid_curiosity, layout_rooms
D:2:      layout_loops_ring, serial_shops, nicolae_shop_waterfront,
          wad_floor_pattern_untrapped
D:3:      minmay_octagon_keep, layout_basic, nemelex_spade_bored_becter
D:4:      cheibrodos_fertilizer, layout_loops_ring, nzn_hepliaklqana_mist_gate,
          minmay_temple_entry_butterflies, lightli_ossuary_entry_decrepit_ruins,
          uniq_grinder, uniq_natasha
D:5:      layout_basic, grunt_gozag_statues, uniq_blork_the_orc, uniq_edmund
D:6:      layout_loops_corners, grunt_dithmenos_smoke_and_mirrors,
          uniq_jeremiah, uniq_prince_ribbit1
D:7:      layout_gridville, tgw_sif
D:8:      layout_cave_pods, nicolae_overflow_two_pavilions, serial_rivers,
          chequers_serial_rivers_micro_d, chequers_serial_rivers_large_b,
          chequers_serial_rivers_micro_b, chequers_serial_rivers_small_a,
          chequers_serial_rivers_micro_e, gammafunk_ghost_spectres,
          moated_statue, hex_large, glass_columns_b, uniq_maggie, uniq_joseph,
          uniq_gastronok, uniq_maurice
D:9:      layout_long_grid, fedhas_altar_1, hiddenorc1_lemuel, uniq_amaemon
D:10:     layout_roguey, lemuel_zombie_altar_yredelemnul, lair_entry_dummy,
          serial_shops, nicolae_shop_stone, uniq_erolcha
D:11:     layout_loops_ring, feat_on_display, uniq_josephine
D:12:     nzn_winding_woodlands_three_and_one
          [nzn_winding_woodlands_5x15_split_checker,
          nzn_winding_woodlands_5x15_pockets,
          nzn_winding_woodlands_5x15_longhouse,
          nzn_winding_woodlands_center_lodge], layout_cave_pools, uniq_sonja
D:13:     layout_basic, serial_shops, nicolae_shop_hallway_plus, shop,
          uniq_lodul, uniq_jorgrun, uniq_urug
D:14:     layout_long_grid, grunt_vaults_entry_fortified
D:15:     gammafunk_depths_entry_grave, layout_basic, serial_shops,
          bzr_entry_water, serial_park_square1 [serial_park_minivault_5x5_6]
Temple:   cyrus_circular_temple
Lair:1:   layout_hall_layers, special_room [special_room_bee],
          grunt_megastairs_2
Lair:2:   layout_cave_pods, minmay_shoals_entry_beasts, spider_nest_entry_webs,
          portal_ice_cave_rime, grunt_megastairs_4
Lair:3:   layout_small_grid, beast_lair_carwin_5, uniq_snorg
Lair:4:   layout_loops_ring, minmay_lair_drake_nest
Lair:5:   hellmonk_lair_end_abyssal_woods, layout_cave_pods,
          dpeg_slime_entry_enclosed, lemuel_old_faithful
Shoals:1: cheibrodos_shoals_gigantism, layout_shoals,
          ebering_ghost_reflecting_pool
Shoals:2: layout_shoals, nicolae_shoals_circle_sea_wall, uniq_ilsuiw
Shoals:3: layout_shoals
Spider:1: layout_spider_delve
Spider:2: layout_spider_delve
Orc:1:    layout_caves, serial_shops, shop
Orc:2:    st_orc_town, layout_diamond_mine, uniq_azrael

Skill      XL: |  1  2  3  4  5  6  7  8  9 10 11 12 13 14 15 16 17 |
---------------+----------------------------------------------------+-----
Stealth        | 1 2 3 |  3.0
Ranged Weapons | 4 5 6 8 9 10 11 12 14 15 | 15.3
Fighting       | 3 4 6 7 8 10 12 13 15 16 | 16.0
Invocations    | 1 3 |  3.0
Dodging        | 3 5 6 |  6.0
Evocations     | 3 4 6 |  6.0
Armour         | 3 6 9 12 13 15 | 15.9
Maces & Flails | 8 |  8.7

Action                     |  1- 3 |  4- 6 |  7- 9 | 10-12 | 13-15 | 16-18 || total
---------------------------+-------+-------+-------+-------+-------+-------++-------
   Fire: Shortbow          |    80 |    34 |       |       |       |       ||   114
         Sling             |       |   334 |   614 |   902 |   740 |   455 ||  3045
         Hand cannon       |       |       |       |   170 |   740 |   455 ||  1365
  Throw: Dart              |       |       |       |       |     2 |       ||     2
 Invoke: Heroism           |       |       |     3 |    11 |     6 |     4 ||    24
         Receive Weapon    |       |       |       |     1 |       |       ||     1
         Receive Armour    |       |       |       |     1 |       |       ||     1
         Finesse           |       |       |       |       |       |     1 ||     1
  Evoke: Wand              |       |       |       |     2 |       |       ||     2
    Use: Scroll            |       |     8 |     7 |    13 |     9 |    12 ||    49
         Potion            |       |     1 |       |     7 |     4 |     8 ||    20
 Armour: Leather armour    |    21 |    55 |    61 |    10 |       |       ||   147
         Acid dragon scale |       |       |       |   183 |       |       ||   183
         Crystal plate arm |       |       |       |    29 |   738 |   331 ||  1098
         Pearl dragon scal |       |       |       |       |       |   168 ||   168
  Dodge: Dodged            |    14 |    48 |    52 |   250 |   243 |   272 ||   879
  Block: Other             |       |       |       |       |    42 |    70 ||   112
         Reflection        |       |       |       |       |     9 |     6 ||    15

Table legend: (Time is in decaauts)
 A = Elapsed time spent in this place.
 B = Non-inter-level travel time spent in this place.
 C = Inter-level travel time spent in this place.
 D = Time resting spent in this place.
 E = Time spent auto-exploring this place.
 F = Levels seen in this place.
 G = Mean time per level.
                   A        B        C        D        E       F      G
               +--------+--------+--------+--------+--------+-----+--------+
         Total |  31372 |  28718 |   2654 |   2918 |  19585 |  31 | 1012.0 |
       Dungeon |  15846 |  14326 |   1520 |    897 |  10666 |  15 | 1056.4 |
        Temple |     17 |     17 |      0 |      0 |      0 |   1 |   17.0 |
          Lair |   7367 |   6643 |    724 |    338 |   5062 |   5 | 1473.4 |
        Shoals |   3242 |   3103 |    139 |    462 |   2125 |   3 | 1080.7 |
   Spider Nest |   1220 |   1206 |     14 |    421 |    394 |   2 |  610.0 |
  Orcish Mines |   2843 |   2588 |    255 |    691 |   1190 |   2 | 1421.5 |
        Bazaar |    163 |    163 |      0 |      0 |     84 |   1 |  163.0 |
       Ossuary |    544 |    544 |      0 |    109 |     14 |   1 |  544.0 |
      Ice Cave |    124 |    124 |      0 |      0 |     50 |   1 |  124.0 |
               +--------+--------+--------+--------+--------+-----+--------+

Top non-repeatable levels by time:
  Lair:2: 1899 daAuts
  Lair:5: 1751 daAuts
   Orc:2: 1725 daAuts
Shoals:2: 1530 daAuts
     D:9: 1490 daAuts
  Lair:3: 1428 daAuts
     D:6: 1390 daAuts
  Lair:1: 1347 daAuts
     D:8: 1339 daAuts
    D:10: 1275 daAuts
    D:12: 1174 daAuts
   Orc:1: 1117 daAuts
     D:4: 1099 daAuts
     D:5: 1089 daAuts
    D:15: 1031 daAuts
